 Dungeon Crawl Stone Soup version 0.27-a0-931-g5a74e75d8f (webtiles) character file.

Game seed: 166059507085195445

10 Alarkh the Insei (level 2, 21/22 HPs)
             Began as a Demonspawn Gladiator on Apr 10, 2021.
             Got out of the dungeon alive.
             The game lasted 00:00:12 (505 turns).

Alarkh the Insei (Demonspawn Gladiator)              Turns: 505, Time: 00:00:13

Health: 21/22      AC:  4    Str: 14    XL:     2   Next: 10%
Magic:  2/2        EV: 12    Int:  9    God:
Gold:   24         SH:  4    Dex: 14    Spells: 1/1 levels left

rFire    . . .     SeeInvis .     - Unarmed
rCold    . . .     Faith    .   (no shield)
rNeg     . . .     Spirit   .   a - +0 leather armour
rPois    .         Reflect  .   b - +0 helmet
rElec    .         Harm     .   (no cloak)
rCorr    .         Rampage  .   (no gloves)
Will     .....                  (no boots)
Stlth    +.........             (no amulet)
HPRegen  0.07/turn              (no ring)
MPRegen  0.08/turn              (no ring)

@: no status effects
A: large bone plates 1
a: no special abilities


You escaped.
You visited 1 branch of the dungeon, and saw 1 of its levels.

You collected 24 gold pieces.

Inventory:

Missiles
 c - 3 throwing nets (quivered)
Armour
 a - a +0 leather armour (worn)
 b - a +0 helmet (worn)
Scrolls
 d - a scroll of silence {unknown}
 e - a scroll of teleportation {unknown}


   Skills:
 + Level 2.3 Fighting
 - Level 1.7 Throwing
 - Level 2.6 Dodging
 * Level 3.1 Unarmed Combat


You had one spell level left.
You didn't know any spells.
Your spell library was empty.

Dungeon Overview and Level Annotations

Branches:
Dungeon (1/15)

Altars:


Innate Abilities, Weirdness & Mutations

You are partially covered in large bone plates. (SH +4)


Message History

The ball python is moderately wounded.
The ball python closely misses you. The ball python constricts you.
You hit the ball python.
The ball python is severely wounded.
The ball python barely misses you. The ball python constricts you.
You hit the ball python.
You kill the ball python!
You hit the endoplasm.
The endoplasm is severely wounded.
The endoplasm barely misses you.
You hit the endoplasm.
The endoplasm is almost dead.
The endoplasm jiggles.
The endoplasm completely misses you.
You hit the endoplasm.
You kill the endoplasm!
You have reached level 2!
Your demonic ancestry asserts itself...
Large bone plates grow over parts of your arms.
You hit the goblin.
The goblin is moderately wounded.
You block the goblin's attack.
You hit the goblin.
You kill the goblin!
No target in view!
No target in view!
No target in view!
No target in view!
No target in view!
No target in view!
No target in view!
Unknown command.
There is an open door, spattered with blood here.
Items here: ) †††.
e - a scroll labelled IVU KIADEMUSU As you open the door, it creaks loudly!
There is an open door here.
There is a staircase leading out of the dungeon here.
Are you sure you want to leave the Dungeon?
This will make you lose the game!
You have escaped!

# #.# ####'## #..... #####.######
##...## #..... #..........##
##.....## #)....
#.#.......#.###.......## ##.....
#.#.#.#..###.#.........####(.....
........## #...........+.........
#.#.##.## #..P...P....####...#..
#.#.###.## #..........## ##.#.##
#........###....@....## ###.#
#########.#.#.....).## #.#
##.##.P...P.# #.# #.###.....##
#.# #.# ##..#.# #.# #.#####...##
#.# ####.#........# #.#
#.......##......# #.#
#.##.#..##.......#


There were no monsters in sight!

Vanquished Creatures
  A dart slug (D:1)
  An endoplasm (D:1)
  A goblin (D:1)
  2 jackals (D:1)
  A ball python (D:1)
  A bat (D:1)
  A kobold (D:1)
8 creatures vanquished.

Notes
Turn   | Place    | Note
-------+----------+-------------------------------------------
     0 | D:1      | Alarkh the Demonspawn Gladiator began the quest for the
                  | Orb.
     0 | D:1      | Reached XP level 1. HP: 16/16 MP: 1/1
    56 | D:1      | Found a faded altar of an unknown god.
   443 | D:1      | Reached skill level 3 in Unarmed Combat
   450 | D:1      | Gained mutation: You are partially covered in large bone
                  | plates. (SH +4) [demonic ancestry]
   450 | D:1      | Reached XP level 2. HP: 17/22 MP: 2/2
   505 | D:$      | Got out of the dungeon alive.

Illustrated notes

Levels and vault maps discovered:
D:1:      dpeg_arrival_orchard, layout_loops_corners,
          hellmonk_ecumenical_altar_pennies_from_heaven,
          minmay_misc_feat_more_columns

Skill      XL: |  1 |
---------------+----+-----
Unarmed Combat | 3 |  3.1
Fighting       | |  2.3
Throwing       | |  1.7
Dodging        | |  2.6

Action                   || total
-------------------------++-------
Melee: Unarmed           ||    40
Armor: Leather armour    ||    10
Dodge: Dodged            ||    18
Block: Other             ||     1

Table legend: (Time is in decaauts)
 A = Elapsed time spent in this place.
 B = Non-inter-level travel time spent in this place.
 C = Inter-level travel time spent in this place.
 D = Time resting spent in this place.
 E = Time spent auto-exploring this place.
 F = Levels seen in this place.
 G = Mean time per level.
                   A        B        C        D        E       F      G
               +--------+--------+--------+--------+--------+-----+--------+
         Total |    505 |    453 |     52 |      0 |    400 |   1 |  505.0 |
       Dungeon |    505 |    453 |     52 |      0 |    400 |   1 |  505.0 |
               +--------+--------+--------+--------+--------+-----+--------+

Top non-repeatable levels by time:
     D:1: 505 daAuts
